 Dungeon Crawl Stone Soup version 0.31-a0-217-g58bb5d79cf (webtiles) character file.

Game seed: 14978199823935381829

88 qw the Shooter (level 4, -1/26 HPs)
             Began as a Gargoyle Hexslinger on July 2, 2023.
             Slain by a scorpion (2 damage)
             ... on level 3 of the Dungeon.
             The game lasted 00:00:59 (1760 turns).

qw the Shooter (Gargoyle Hexslinger)                Turns: 1760, Time: 00:00:59

Health: -1/26      AC: 10    Str: 12    XL:     4   Next: 54%
Magic:  5/5        EV: 10    Int: 13    God:
Gold:   78         SH:  0    Dex: 14    Spells: 4/5 levels left

rFire   . . .        Y - +1 sling
rCold   . . .        (no shield)
rNeg    + . .        d - +1 ring mail {Will+}
rPois   inf          (no helmet)
rElec   +            j - +0 cloak
rCorr   .            (no gloves)
SInv    +            (no boots)
Will    +....        (no amulet)
Stlth   +            c - ring of see invisible
HPRegen 0.24/turn    (no ring)
MPRegen 0.09/turn

%: no passive effects
@: no status effects
A: sickness immunity, AC +3, negative energy resistance 1, electricity
resistance, torment resistance 1, petrification resistance
a: no special abilities


You were on level 3 of the Dungeon.
You visited 1 branch of the dungeon, and saw 3 of its levels.

You collected 78 gold pieces.


Innate Abilities, Weirdness & Mutations

You are immune to sickness and miasma.
Your stone body is resilient. (AC +3)
You are immune to poison.
You resist negative energy. (rN+)
You are resistant to electric shocks. (rElec)
You are resistant to unholy torment.
You are immune to petrification.


   Skills:
 - Level 2.0 Fighting
 + Level 4.1 Ranged Weapons
 - Level 1.0 Armour
 - Level 1.5 Dodging
 - Level 1.0 Spellcasting
 - Level 2.6 Hexes


You had 4 spell levels left.
You knew the following spells:

 Your Spells              Type           Power      Damage    Failure   Level
a - Slow                  Hex            28%        N/A       22%         1

Your spell library contained the following spells:

 Spells                   Type           Power      Damage    Failure   Level
 Inner Flame              Hex/Fire       4%         N/A       73%         3
 Portal Projectile        Hex/Tloc       8%         N/A       73%         3
 Cause Fear               Hex            3%         N/A       91%         4

Inventory:

Hand Weapons
 Y - a +1 sling (weapon)
Armour
 d - a +1 ring mail of willpower (worn)
 j - a +0 cloak (worn)
Jewellery
 c - a ring of see invisible (left hand)
Scrolls
 a - a scroll of identify
 b - 3 scrolls of teleportation {unknown}
Potions
 e - 3 potions of curing

Dungeon Overview and Level Annotations

Branches:
Dungeon (3/15)

Altars:
Trog

Annotations:
D:2 1 runed translucent door, Crazy Yiuf


Message History

You shoot a sling bullet.
The sling bullet barely misses the scorpion.
The scorpion stings you but does no damage.
You shoot a sling bullet. The sling bullet hits the scorpion.
The scorpion is heavily wounded.
The scorpion stings you but does no damage.
The scorpion stings you.
You shoot a sling bullet. The sling bullet hits the scorpion.
The scorpion is heavily wounded.
The scorpion stings you but does no damage.
The scorpion stings you.
You shoot a sling bullet.
The sling bullet closely misses the scorpion.
The scorpion barely misses you.
You shoot a sling bullet. The sling bullet hits the scorpion.
The scorpion is severely wounded.
The scorpion stings you but does no damage.
The scorpion stings you.
You shoot a sling bullet.
The sling bullet closely misses the scorpion.
The scorpion stings you. The scorpion completely misses you.
You shoot a sling bullet.
The sling bullet barely misses the scorpion.
The scorpion stings you but does no damage.
You shoot a sling bullet.
The sling bullet barely misses the scorpion.
The scorpion stings you but does no damage.
The scorpion stings you.
You shoot a sling bullet.
The sling bullet barely misses the scorpion.
The scorpion completely misses you.
You shoot a sling bullet.
The sling bullet barely misses the scorpion.
The scorpion stings you.
The scorpion stings you but does no damage.
You shoot a sling bullet. The sling bullet hits the scorpion.
The scorpion is almost dead.
The scorpion stings you but does no damage.
The scorpion stings you.
You die...

#######
####.....###.
#.s@.....##..
#.##.....##.# ..
#.....##.########
#.
#.....##.......%.
#
####.###......##.
#.# #......##.
#.# #.#....##.
#.# #.#.##.##.
#.# #.#.######


You could see a scorpion.

Vanquished Creatures
  An adder (D:3)
  A worm (D:3)
  2 dart slugs (D:1)
  6 bats
  4 endoplasms
  A giant cockroach (D:3)
  5 hobgoblins
  9 jackals
  2 quokkas
  A ball python (D:3)
  6 frilled lizards
  5 goblins
  10 kobolds
  23 rats
76 creatures vanquished.

Notes
Turn   | Place    | Note
-------+----------+-------------------------------------------
     0 | D:1      | qw the Gargoyle Hexslinger began the quest for the Orb.
     0 | D:1      | Reached XP level 1. HP: 12/12 MP: 2/2
     0 | D:1      | 0 ||| qw: Version: 0.3-a-40-ge99b1a8
     0 | D:1      | 0 ||| qw: Game counter: 273
     0 | D:1      | 0 ||| qw: Melee chars always use a shield: true
     0 | D:1      | 0 ||| qw: God list: Okawaru
     0 | D:1      | 0 ||| qw: Allow faded altars: false
     0 | D:1      | 0 ||| qw: Do Orc after clearing Dungeon:15 true
     0 | D:1      | 0 ||| qw: Do second Lair branch before Depths: true
     0 | D:1      | 0 ||| qw: Lair rune preference: random
     0 | D:1      | 0 ||| qw: Goals: Normal
     0 | D:1      | 0 ||| PLANNING D:1-11
    45 | D:1      | Reached XP level 2. HP: 16/16 MP: 3/3
    70 | D:1      | Reached skill level 3 in Ranged Weapons
   243 | D:1      | Reached XP level 3. HP: 16/21 MP: 4/4
   328 | D:1      | Found a faded altar of an unknown god.
   542 | D:1      | 542 ||| UPGRADING to +0 leather armour.
   552 | D:1      | 552 ||| DROPPING +0 robe.
   553 | D:1      | 553 ||| UPGRADING to +0 cloak.
   558 | D:1      | 558 ||| READING 3 scrolls labelled TYDASHIHAA.
   559 | D:1      | 559 ||| READING scroll labelled ECHOCUIRCH LERO.
   560 | D:1      | 560 ||| READING scroll labelled NUATSU QIXED.
   561 | D:1      | 561 ||| READING 2 scrolls of identify.
   561 | D:1      | 561 ||| IDENTIFYING golden potion
   562 | D:1      | 562 ||| DROPPING scroll of poison.
   615 | D:2      | Found a runed translucent door.
   616 | D:2      | Noticed Crazy Yiuf
   946 | D:2      | Reached XP level 4. HP: 24/26 MP: 5/5
  1024 | D:2      | Reached skill level 4 in Ranged Weapons
  1292 | D:2      | 1292 ||| UPGRADING to +1 ring mail of willpower.
  1302 | D:2      | 1302 ||| DROPPING +0 leather armour.
  1303 | D:2      | 1303 ||| UPGRADING to ring of see invisible.
  1304 | D:2      | 1304 ||| READING scroll labelled EDU TE OCZUO.
  1305 | D:2      | 1305 ||| READING 2 scrolls of identify.
  1305 | D:2      | 1305 ||| IDENTIFYING blue potion
  1306 | D:2      | 1306 ||| DROPPING potion of brilliance.
  1415 | D:3      | Found a bloodstained altar of Trog.
  1421 | D:3      | Reached skill level 1 in Armour
  1472 | D:3      | 1472 ||| FLEEEEING.
  1745 | D:3      | Noticed a scorpion
  1757 | D:3      | HP: 6/26 [scorpion (4)]
  1759 | D:3      | HP: 1/26 [scorpion (6)]
  1760 | D:3      | Slain by a scorpion

Levels and vault maps discovered:
D:1:      tarquinn_simple_flora_water_a, layout_rooms, basic_ecumenical_altar
D:2:      layout_basic, minmay_rat_hole, uniq_crazy_yiuf_cottage
D:3:      layout_basic, mainiacjoe_overflow_surrounded_room, serial_shops, shop

Skill      XL: |  1  2  3  4 |
---------------+-------------+-----
Ranged Weapons | 3 4 |  4.1
Fighting       | 2 |  2.0
Armour         | 1 |  1.0
Dodging        | |  1.5
Spellcasting   | |  1.0
Hexes          | |  2.6

Action                     |  1- 3 |  4- 6 || total
---------------------------+-------+-------++-------
   Fire: Sling             |   164 |   111 ||   275
    Use: Scroll            |     4 |     2 ||     6
 Armour: Robe              |    24 |       ||    24
         Leather armour    |    27 |    11 ||    38
         Ring mail         |       |    39 ||    39
  Dodge: Dodged            |    82 |    41 ||   123

Table legend:
 A = Non-vault XP
 B = Vault XP
 C = Vault XP percentage of total XP
 D = Non-vault monster count
 E = Vault monster count
 F = Vault count percentage of total count
                 A         B        C        D         E       F
            +---------+---------+-------+---------+---------+-------
      Total |     107 |      20 |  15.7 |      57 |      19 |  25.0
            +---------+---------+-------+---------+---------+-------
        D:1 |      56 |       0 |   0.0 |      32 |       0 |   0.0
        D:2 |      18 |      20 |  52.6 |      11 |      19 |  63.3
        D:3 |      33 |       0 |   0.0 |      14 |       0 |   0.0
            +---------+---------+-------+---------+---------+-------
